 Dungeon Crawl Stone Soup version 0.19.5 (webtiles) character file.

48 Enroth the Charmwright (level 3, -2/18 HPs)
             Began as a Vine Stalker Skald on Apr 16, 2017.
             Slain by Natasha (4 damage)
             ... on level 2 of the Dungeon.
             The game lasted 00:03:32 (1248 turns).

Enroth the Charmwright (Vine Stalker Skald)         Turns: 1248, Time: 00:03:33

Health: -2/18      AC:  3    Str: 14    XL:     3   Next: 72%
Magic:  0/7        EV: 16    Int: 13    God:
Gold:   42         SH:  4    Dex: 18    Spells: 2 memorised, 2 levels left

rFire  . . .     SeeInvis .     a - +0 falchion
rCold  . . .     Gourm    .     b - +0 leather armour
rNeg   . . .     Faith    .     j - +0 buckler
rPois  .         Spirit   +     (no helmet)
rElec  .         Reflect  .     (no cloak)
rCorr  .         Harm     .     (no gloves)
MR     .....                    (no boots)
Stlth  ++........               (no amulet)
                                (no ring)
                                (no ring)

@: agile, slowed, very slow
A: fangs 2, magic shield, antimagic bite, no device heal 3, rot immunity
a: no special abilities


You were on level 2 of the Dungeon.
You were not hungry.

You visited 1 branch of the dungeon, and saw 2 of its levels.

You collected 42 gold pieces.

Inventory:

Hand Weapons
 a - a +0 falchion (weapon)
Armour
 b - a +0 leather armour (worn)
 j - a +0 buckler (worn)
Scrolls
 e - 2 scrolls of identify {unknown}
 f - a scroll of enchant weapon {unknown}
 g - a scroll of fog {unknown}
 h - a scroll of random uselessness {unknown}
Potions
 i - a potion of curing
Books
 c - a book of Battle

   Spells                             Type                      Level
   a - Infusion                       Charms                       1
   b - Shroud of Golubria             Charms/Translocation         2
   c - Song of Slaying                Charms                       2
   d - Spectral Weapon                Hexes/Charms                 3
   e - Regeneration                   Charms/Necromancy            3
Comestibles
 d - a bread ration
 k - a slice of pizza
 m - 2 meat rations


   Skills:
 + Level 2.0 Fighting
 + Level 2.2 Long Blades
 + Level 1.2 Armour
 + Level 1.0 Dodging
 + Level 0.3 Stealth
 + Level 2.3 Spellcasting
 + Level 3.6 Charms


You had 2 spell levels left.
You knew the following spells:

 Your Spells              Type           Power        Failure   Level  Hunger
a - Infusion              Chrm           ##..         14%         1    #......
b - Regeneration          Chrm/Necr      #.........   83%         3    ###....


Dungeon Overview and Level Annotations

Branches:
Dungeon (2/15)

Altars:

Annotations:
D:2 Natasha


Innate Abilities, Weirdness & Mutations

You have extremely sharp teeth.
When hurt, damage is shared between your health and your magic reserves.
Your bite disrupts and absorbs the magic of your enemies.
Potions and wands cannot restore your health.
You are immune to rotting.


Message History

Natasha barely misses you.
You hit Natasha.
Natasha is heavily wounded.
Natasha casts a spell at you.
You feel yourself slow down.
You closely miss Natasha.
Natasha is heavily wounded.
Natasha completely misses you.
Natasha hisses.
Natasha barely misses you.
You completely miss Natasha. You bite Natasha, but do no damage.
Natasha is heavily wounded.
Natasha stares at you and mumbles some strange words.
You feel as though you will be slow longer.
Natasha claws you!
* * * LOW HITPOINT WARNING * * *
You hit Natasha.
Natasha is severely wounded.
Natasha claws you.
You die...

..... #..... ....5##########
###... .......?......# #...
#............# ###..>
#............# [.######.....
#............# #........##..
#######......# ##........#...
#......###.##........#..^
#......h@..##........#...
#......######........#...
###......#....+........#...
#........#...##.).((...<...
#......†.#.......#.........
###........##..###.#.......#+
#......###..............##.#
#......# #####..........##.#
#......# #..........##..


You could see Natasha.

Vanquished Creatures
  2 oozes (D:1)
  A worm (D:2)
  2 dart slugs (D:1)
  2 bats (D:1)
  2 giant cockroaches (D:1)
  7 goblins
  A hobgoblin (D:1)
  4 jackals (D:1)
  5 kobolds (D:1)
  4 rats (D:1)
30 creatures vanquished.

Notes
Turn   | Place    | Note
-------+----------+-------------------------------------------
     0 | D:1      | Enroth the Vine Stalker Skald began the quest for the Orb.
     0 | D:1      | Reached XP level 1. HP: 11/11 MP: 4/4
   313 | D:1      | Reached skill level 1 in Armour
   313 | D:1      | Reached XP level 2. HP: 7/15 MP: 6/6
   713 | D:1      | Reached XP level 3. HP: 18/18 MP: 7/7
   737 | D:1      | Learned a level 3 spell: Regeneration
   963 | D:1      | Reached skill level 1 in Dodging
  1223 | D:2      | Noticed Natasha
  1248 | D:2      | Slain by Natasha

Skill      XL: |  1  2  3 |
---------------+----------+-----
Armour         | 1 |  1.2
Long Blades    | 2 |  2.2
Fighting       | 2 |  2.0
Dodging        | 1 |  1.0
Stealth        | |  0.3
Spellcasting   | |  2.3
Charms         | |  3.6

Action                   || total
-------------------------++-------
Melee: Falchion          ||    93
       Bite              ||    20
  Use: Potion            ||     5
 Stab: Sleeping          ||     1
  Eat: Chunk             ||     1
Armor: Leather armour    ||    15
       Skin              ||     8
Dodge: Dodged            ||    43
Block: Buckler           ||     6
       Rpst.: Falchion   ||    13
